Map: Ever Dream LE

Players

HellraiseR - Winner!

  • Race: Protoss Protoss
  • Spawn Location: 1:00

SKillous

  • Race: Protoss Protoss
  • League: Grandmaster
  • Spawn Location: 7:00

Event: DreamHack SC2 Masters 2020 Fall

VOD

Have the link to the VOD?

Description

Time

  • Played on: Sept. 9, 2020, 1:37 p.m.
  • Length: 9:54

All games in this series

Show
View Real Time Build Order
Export as new Build Order

HellraiseR Protoss - Winner!

Build Orders: Proxy Void Ray 

Get SALT Encoding   

  12  0:00  Probe  
  13  0:12  Probe  
  14  0:24  Probe  
  15  0:33  Pylon  
  15  0:47  Assimilator  
  15  0:51  Gateway  
  15  0:52  Gateway  
  15  0:55  Probe  
  16  1:07  Probe  
  17  1:15  Pylon  
  17  1:19  Probe  
  18  1:31  Probe  
  19  1:37  Zealot x2 (Chrono Boost)  
  23  1:42  Cybernetics Core  
  23  1:45  Probe  
  24  1:53  Assimilator  
  24  1:57  Probe  
  25  2:09  Probe  
  26  2:18  Stargate  
  26  2:22  Adept  
  26  2:24  Adept  
  26  2:27  Probe  
  31  2:36  Pylon  
  31  2:40  Probe  
  31  2:53  Void Ray (Chrono Boost)  
  31  2:59  Shield Battery  
  31  3:07  Probe  
  32  3:13  Robotics Facility  
  32  3:19  Probe  
  33  3:34  Pylon  
  33  3:43  Void Ray (Chrono Boost)  
  33  3:46  Pylon  
  33  3:54  Shield Battery  
  37  3:57  Probe  
  38  4:17  Immortal, Pylon  
  38  4:18  Void Ray (Chrono Boost)  
  46  4:36  Pylon  
  46  4:44  Pylon  
  46  4:56  Probe  
  46  4:57  Observer  
  46  4:59  Shield Battery, Void Ray (Chrono Boost)  
  51  5:21  Nexus  
  51  5:22  Shield Battery  
  52  5:37  Oracle  
  52  5:38  Probe, Pylon  
  55  5:48  Shield Battery  
  55  5:56  Immortal (Chrono Boost)  
  59  6:13  Shield Battery  
  59  6:22  Void Ray, Probe  
  60  6:37  Immortal (Chrono Boost)  
  64  6:47  Probe  
  64  6:48  Probe  
  66  6:59  Probe  
  66  7:00  Probe  
  68  7:07  Immortal (Chrono Boost)  
  68  7:11  Probe  
  68  7:12  Probe  
  74  7:18  Void Ray (Chrono Boost)  
  70  7:23  Probe  
  70  7:24  Probe  
  76  7:30  Assimilator x2  
  76  7:35  Warp Prism  
  78  7:42  Pylon  
  78  7:47  Pylon  
  78  7:49  Warp Gate  
  78  8:00  Probe x2  
  79  8:08  Void Ray  
  79  8:12  Probe  
  79  8:14  Observer  
  79  8:17  Probe  
  81  8:23  Immortal (Chrono Boost)  
  85  8:27  Probe  
  85  8:30  Probe  
  87  8:38  Void Ray  
  91  9:00  Stargate  
  91  9:01  Gateway  
  91  9:06  Pylon  
  87  9:18  Probe  
  92  9:26  Probe  
  93  9:37  Probe  
Show
View Real Time Build Order
Export as new Build Order

SKillous Protoss 

Build Orders:  

Get SALT Encoding   

  12  0:00  Probe  
  13  0:12  Probe  
  14  0:16  Pylon  
  14  0:24  Probe (Chrono Boost)  
  15  0:36  Probe (Chrono Boost)  
  15  0:37  Gateway  
  16  0:44  Probe (Chrono Boost)  
  16  0:45  Assimilator  
  17  0:51  Probe  
  17  0:55  Assimilator  
  18  1:03  Probe (Chrono Boost)  
  19  1:09  Gateway  
  19  1:13  Probe (Chrono Boost)  
  20  1:18  Probe  
  21  1:26  Cybernetics Core  
  21  1:30  Probe  
  22  1:35  Pylon  
  22  1:48  Probe  
  23  2:01  Pylon  
  27  2:12  Pylon  
  27  2:13  Stalker x2  
  27  2:15  Warp Gate  
  27  2:19  Pylon  
  27  2:51  Shield Battery  
  25  3:02  Shield Battery  
  25  3:09  Gateway  
  25  3:11  Probe  
  26  3:16  Shield Battery  
  26  3:23  Probe  
  27  3:31  Stalker  
  29  3:35  Probe  
  30  3:48  Probe  
  32  4:04  Stalker x2  
  32  4:09  Stalker  
  38  4:12  Twilight Council  
  36  4:29  Sentry, Stalker  
  36  4:33  Stalker  
  38  4:40  Blink (Chrono Boost)  
  38  4:43  Probe  
  39  4:55  Pylon  
  39  4:59  Stalker x2  
  38  5:14  Stalker  
  41  5:22  Stalker  
  41  5:26  Pylon  
  41  5:27  Stalker  
  44  5:37  Stalker  
  44  5:42  Pylon  
  46  5:54  Stalker x2  
  50  6:03  Stalker  
  52  6:07  Pylon  
  42  6:26  Stalker x2  
  42  6:31  Stalker  
  44  6:57  Nexus  
  44  7:00  Probe (Chrono Boost)  
  45  7:05  Sentry  
  48  7:09  Probe (Chrono Boost)  
  48  7:22  Stalker x2  
  52  7:27  Probe (Chrono Boost)  
  53  7:38  Charge  
  53  7:39  Probe (Chrono Boost)  
  54  7:46  Probe (Chrono Boost)  
  55  7:52  Adept x2  
  55  7:53  Probe  
  60  8:06  Probe  
  57  8:14  Probe  
  57  8:19  Probe  
  55  8:24  Stalker x2  
  55  8:43  Probe x2  
  55  8:44  Assimilator  
  55  8:47  Stalker  
  55  8:48  Stalker  
  61  8:55  Pylon  
  61  8:59  Gateway  
  59  9:10  Shield Battery  
  59  9:11  Shield Battery  
  59  9:13  Sentry x2  
  59  9:14  Shield Battery  
  63  9:25  Shield Battery  
  63  9:31  Shield Battery  
  54  9:37  Stalker x2  

Tags
 
Add a new tag
Caveats
  • Supply blocks, unpowered buildings, or Contaminate may cause inaccurate times.
  • Supply counts are checked every 10 seconds.